 Dungeon Crawl Stone Soup version 0.29-a0-577-gafbf2c5d25 (webtiles) character file.

Game seed: 5649931234433810499

182 porpoise the Poker (level 5, -1/41 HPs)
             Began as a Demonspawn Gladiator on June 14, 2022.
             Slain by Crazy Yiuf
             ... wielding a +3 quarterstaff of chaos
              (8 damage)
             ... on level 2 of the Dungeon.
             The game lasted 00:04:05 (2258 turns).

porpoise the Poker (Demonspawn Gladiator)           Turns: 2258, Time: 00:04:06

Health: -1/41      AC:  6    Str: 17    XL:     5   Next: 35%
Magic:  5/5        EV: 13    Int:  9    God:
Gold:   153        SH:  0    Dex: 14    Spells: 4/4 levels left

rFire   . . .      SeeInvis .   a - +0 trident
rCold   . . .      Faith    .   (no shield)
rNeg    . . .      Spirit   .   i - +0 ring mail
rPois   .          Reflect  .   c - +0 helmet
rElec   .          Harm     .   k - scarf {+Inv}
rCorr   .          Rampage  .   (no gloves)
Will    .....                   (no boots)
Stlth   +.........              (no amulet)
HPRegen 0.13/turn               (no ring)
MPRegen 0.09/turn               (no ring)

@: no status effects
A: repulsion field 1
a: Evoke Invisibility


You were on level 2 of the Dungeon.
You visited 1 branch of the dungeon, and saw 2 of its levels.

You collected 153 gold pieces.

Inventory:

Hand Weapons
 a - a +0 trident (weapon)
Missiles
 d - a throwing net (quivered)
 e - a javelin
 f - 5 curare-tipped darts
 h - 6 silver javelins
 p - 4 poisoned darts
Armour
 c - a +0 helmet (worn)
 i - a +0 ring mail (worn)
 k - a scarf of invisibility (worn)
Scrolls
 b - a scroll of fear {unknown}
 m - 2 scrolls of teleportation {unknown}
 n - a scroll of noise {unknown}
Potions
 g - 2 potions of heal wounds {unknown}
 j - a potion of attraction {unknown}
 l - a potion of lignification {unknown}
 o - a potion of might {unknown}
 q - a potion of curing {unknown}


   Skills:
 + Level 3.5 Fighting
 * Level 4.8 Polearms
 - Level 1.7 Throwing
 - Level 2.6 Dodging


You had 4 spell levels left.
You didn't know any spells.
Your spell library was empty.

Dungeon Overview and Level Annotations

Branches:
Dungeon (2/15)

Altars:

Annotations:
D:2 Crazy Yiuf


Innate Abilities, Weirdness & Mutations

You are surrounded by a mild repulsion field. (EV +2)


Message History

There is a stone staircase leading up here.
Found a mace.
Found a runed translucent door.
Crazy Yiuf shouts!
Crazy Yiuf says, "Shadow!
Snower down turtle."
You now have 153 gold pieces (gained 8).
You see here a +0 club.
You see here a +0 short sword.
You see here a +0 short sword.
You see here a +0 club.
There is a stone staircase leading up here.
You open the door.
Crazy Yiuf screams, "Castle!"
You puncture Crazy Yiuf!
Crazy Yiuf is heavily wounded.
Crazy Yiuf hits you with a +3 quarterstaff of chaos.
Crazy Yiuf freezes you.
You barely miss Crazy Yiuf.
Crazy Yiuf is heavily wounded.
Crazy Yiuf hits you with a +3 quarterstaff of chaos!
You hit Crazy Yiuf.
Crazy Yiuf is severely wounded.
Crazy Yiuf barely misses you.
You barely miss Crazy Yiuf.
Crazy Yiuf is severely wounded.
Crazy Yiuf closely misses you.
You closely miss Crazy Yiuf.
Crazy Yiuf is severely wounded.
Crazy Yiuf cries, "Rot fast return to song!"
Crazy Yiuf barely misses you.
You barely miss Crazy Yiuf.
Crazy Yiuf is severely wounded.
Crazy Yiuf hits you with a +3 quarterstaff of chaos!!
Crazy Yiuf freezes you.
* * * LOW HITPOINT WARNING * * *
You hit Crazy Yiuf.
Crazy Yiuf is almost dead.
Crazy Yiuf hits you with a +3 quarterstaff of chaos.
* * * LOW HITPOINT WARNING * * *
You convulse!
You die...

#...# #.# ##.## #.......##
#...# #.# #..####.#######
#...# #.# ##......#####
#...# ### #######....# ##.##
####.#### #.# ♣♣♣♣♣###
#....# #.# ###
♣♣♣.♣..#.######.. ##.####
#...#♣..♣......######.
#.....#
#...g@♣♣♣♣......#.....
#.....# #)..#♣♣
♣♣.#...#.#### #.....# ###
♣♣###...# # #.....# #.<### #
###...# #.## # #...##### ###
###.# #
#†......######.###..## #
#....##.....##.##..#########
#.#########.................


You could see Crazy Yiuf.

Vanquished Creatures
  Terence (D:2)
  Natasha (thrice) (D:2)
  3 gnolls (D:2)
  2 adders (D:2)
  A worm (D:2)
  6 bats
  4 endoplasms (D:1)
  6 goblins
  2 hobgoblins (D:1)
  2 ball pythons
  2 frilled lizards
  2 kobolds
  4 rats
38 creatures vanquished.

Notes
Turn   | Place    | Note
-------+----------+-------------------------------------------
     0 | D:1      | porpoise the Demonspawn Gladiator began the quest for the
                  | Orb.
     0 | D:1      | Reached XP level 1. HP: 16/16 MP: 1/1
   111 | D:1      | Reached skill level 3 in Polearms
   161 | D:1      | Gained mutation: You are surrounded by a mild repulsion
                  | field. (EV +2) [demonic ancestry]
   161 | D:1      | Reached XP level 2. HP: 18/22 MP: 2/2
   968 | D:2      | Noticed Terence
   983 | D:2      | Killed Terence
   984 | D:2      | Reached XP level 3. HP: 25/28 MP: 3/3
  1106 | D:2      | Reached skill level 4 in Polearms
  1106 | D:2      | Reached XP level 4. HP: 17/34 MP: 4/4
  1115 | D:2      | HP: 1/34 [gnoll/+0 spear (7)]
  1437 | D:2      | Noticed Natasha
  1443 | D:2      | Killed Natasha
  1450 | D:2      | Noticed Natasha
  1457 | D:2      | Killed Natasha
  1458 | D:2      | Reached XP level 5. HP: 41/41 MP: 5/5
  1623 | D:2      | Noticed Natasha
  1629 | D:2      | Killed Natasha
  2085 | D:2      | Found a runed translucent door.
  2086 | D:2      | Noticed Crazy Yiuf
  2258 | D:2      | Slain by Crazy Yiuf

Illustrated notes

Levels and vault maps discovered:
D:1:      wander_arrival_fairy_ring, layout_loops_ring
D:2:      layout_rooms, uniq_crazy_yiuf_cottage, uniq_terence, uniq_natasha

Skill      XL: |  1  2  3  4 |
---------------+-------------+-----
Polearms       | 3 4 |  4.8
Fighting       | 3 |  3.5
Throwing       | |  1.7
Dodging        | |  2.6

Action                   |  1- 3 |  4- 6 || total
-------------------------+-------+-------++-------
Melee: Trident           |    73 |    63 ||   136
Throw: Throwing net      |     2 |       ||     2
 Stab: Distracted        |     1 |       ||     1
       Held in net/web   |     1 |       ||     1
       Sleeping          |     1 |       ||     1
Armor: Leather armour    |    10 |       ||    10
       Ring mail         |     9 |    17 ||    26
Dodge: Dodged            |    38 |    37 ||    75

Table legend: (Time is in decaauts)
 A = Elapsed time spent in this place.
 B = Non-inter-level travel time spent in this place.
 C = Inter-level travel time spent in this place.
 D = Time resting spent in this place.
 E = Time spent auto-exploring this place.
 F = Levels seen in this place.
 G = Mean time per level.
                   A        B        C        D        E       F      G
               +--------+--------+--------+--------+--------+-----+--------+
         Total |   2271 |   2248 |     23 |    894 |   1053 |   2 | 1135.5 |
       Dungeon |   2271 |   2248 |     23 |    894 |   1053 |   2 | 1135.5 |
               +--------+--------+--------+--------+--------+-----+--------+

Top non-repeatable levels by time:
     D:2: 1366 daAuts
     D:1: 904 daAuts
